 Dungeon Crawl Stone Soup version 0.29.1-2-gbd0b4ee654 (webtiles) character file.

Game seed: 2030824845350085943

14 GorkyZ the Shield-Bearer (level 2, 0/1 (24) HPs)
             Began as a Formicid Fighter on Nov 15, 2022.
             Slain by a jackal (1 damage)
             ... on level 2 of the Dungeon.
             The game lasted 00:03:12 (754 turns).

GorkyZ the Shield-Bearer (Formicid Fighter)          Turns: 754, Time: 00:03:12

HP:   0/1 (24)      AC:  6    Str: 20    XL:     2   Next: 60%
MP:   2/2           EV:  9    Int:  7    God:
Gold: 99            SH:  5    Dex: 13    Spells: 1/1 levels left

rFire   + . .      SeeInvis +   a - +0 flail
rCold   + . .      Faith    .   c - +0 buckler
rNeg    . . .      Spirit   .   b - +0 scale mail
rPois   +          Reflect  .   (helmet unavailable)
rElec   +          Harm     .   (no cloak)
rCorr   +          Rampage  .   (no gloves)
Will    .....                   (no boots)
Stlth   ..........              (no amulet)
HPRegen 0.01/turn               (no ring)
MPRegen 0.08/turn               (no ring)

@: resistant, extremely drained
A: permanent stasis, dig shafts and tunnels, antennae 3, four strong arms
a: Dig, Shaft Self


You were on level 2 of the Dungeon.
You visited 1 branch of the dungeon, and saw 2 of its levels.

You collected 99 gold pieces.

Inventory:

Hand Weapons
 a - a +0 flail (weapon)
Armour
 b - a +0 scale mail (worn)
 c - a +0 buckler (worn)
Scrolls
 f - a scroll of blinking
Potions
 d - a potion of might


   Skills:
 + Level 3.5 Fighting
 + Level 2.1 Maces & Flails
 + Level 3.5 Armour
 * Level 0.4 Dodging
 * Level 0.4 Stealth
 + Level 4.2 Shields


You had one spell level left.
You didn't know any spells.
Your spell library was empty.

Dungeon Overview and Level Annotations

Branches:
Dungeon (2/15) You are so drained that the power of Zot will kill you!

Altars:

Shops:
D:2 !


Innate Abilities, Weirdness & Mutations

You cannot be hasted, slowed, berserked, paralysed or teleported.
You can dig through walls and to a lower floor.
You have a pair of large antennae on your head. (SInv)
Your four strong arms can wield two-handed weapons with a shield.


Message History

You feel forgetful for a moment.
Done exploring.
You extend your mandibles.
You dig through the rock wall.
You feel drained.
You dig through the rock wall.
You feel drained.
Okay, then.
You dig through the rock wall.
You feel drained.
You dig through the rock wall.
You feel drained.
You dig through the rock wall.
You feel drained.
You dig through the rock wall.
You feel drained.
You dig through the rock wall.
You feel drained.
You dig through the rock wall.
You feel drained.
You dig through the rock wall.
You feel drained.
You dig through the rock wall.
You feel drained.
You dig through the rock wall.
You feel drained.
You dig through the rock wall.
You feel drained.
You dig through the rock wall.
You feel drained.
You dig through the rock wall.
You feel drained.
You dig through the rock wall.
You feel drained.
You dig through the rock wall.
You feel drained.
You dig through the rock wall.
You feel drained.
You dig through the rock wall.
You feel drained.
You dig through the rock wall.
You feel drained.
You dig through the rock wall.
You feel drained.
You dig through the rock wall.
You feel drained.
You dig through the rock wall.
You feel drained.
You retract your mandibles.
You extend your mandibles.
Done exploring.
You retract your mandibles.
There is an open door here.
There is a stone staircase leading down here.
You climb downwards.
Found 6 stones.
There is a stone staircase leading up here.
Found a pair of gloves.
Found Yreshrit's Distillery.
The jackal bites you but does no damage.
The jackal bites you.
Ouch! That really hurt!
You die...

. .∩. #..[.
.###########..(.#
.......<..@h...#
#############.....
###


You could see a jackal.

Vanquished Creatures
  A dart slug (D:1)
  An endoplasm (D:1)
  A giant cockroach (D:1)
  2 jackals (D:1)
  A kobold (D:1)
  A quokka (D:1)
  3 frilled lizards (D:1)
  2 rats (D:1)
12 creatures vanquished.

Notes
Turn   | Place    | Note
-------+----------+-------------------------------------------
     0 | D:1      | GorkyZ the Formicid Fighter began the quest for the Orb.
     0 | D:1      | Reached XP level 1. HP: 18/18 MP: 1/1
   209 | D:1      | Reached XP level 2. HP: 20/24 MP: 2/2
   288 | D:1      | Found a faded altar of an unknown god.
   753 | D:2      | Found Yreshrit's Distillery.
   754 | D:2      | Slain by a jackal

Illustrated notes

Levels and vault maps discovered:
D:1:      evilmike_arrival_fibonacci_small, layout_basic, basic_ecumenical_altar
D:2:      layout_loops_ring, serial_shops, nicolae_shop_trees,
          nicolae_shop_stone, nicolae_shop_advertising_works
          [nicolae_subvault_shop_adworks], serial_bayou_pond_a

Action                   || total
-------------------------++-------
Melee: Flail             ||    40
 Abil: Dig               ||     4
  Use: Scroll            ||     2
       Potion            ||     1
Armor: Scale mail        ||    23
Dodge: Dodged            ||    20
Block: Buckler           ||     8
